 Dungeon Crawl Stone Soup version 0.17.1-3-g152610e (webtiles) character file.

338 HolyRage the Cudgeler (level 6, -10/55 HPs)
             Began as a Deep Dwarf Fighter on Apr 27, 2016.
             Mangled by a wyvern (11 damage)
             ... on level 4 of the Dungeon.
             The game lasted 00:16:56 (3033 turns).

HolyRage the Cudgeler (Deep Dwarf Fighter)          Turns: 3033, Time: 00:16:56

Health: -10/55     AC:  6    Str: 21    XL:     6   Next: 29%
Magic:  6/6        EV:  7    Int: 14    God:
Gold:   185        SH:  9    Dex: 12    Spells: 0 memorised, 5 levels left

rFire  . . .     SeeInvis .     a - +1 flail
rCold  + . .     Clarity  .     b - +0 scale mail
rNeg   . . .     SustAt   .     c - +0 shield
rPois  .         Gourm    +     (no helmet)
rElec  .         Spirit   .     (no cloak)
rCorr  .         Warding  .     (no gloves)
rMut   .         Stasis   .     (no boots)
MR     .....                    l - amulet of the gourmand
Stlth  ..........               y - ring of protection from cold
                                r - +5 ring of intelligence

@: non-regenerating, not resistant to hostile enchantments, extremely unstealthy
A: damage resistance, recharge devices, sense surroundings 1, slow regeneration
3
a: Device Recharging


You were on level 4 of the Dungeon.
You were completely stuffed.

You visited 1 branch of the dungeon, and saw 4 of its levels.

You collected 185 gold pieces.

Inventory:

Hand Weapons
 a - a +1 flail (weapon)
Armour
 b - a +0 scale mail (worn)
 c - a +0 shield (worn)
 i - a +0 plate armour
Jewellery
 l - an amulet of the gourmand (around neck)
 o - an uncursed ring of sustain attributes {unknown}
 r - a +5 ring of intelligence (left hand)
 y - a ring of protection from cold (right hand)
Wands
 e - a wand of heal wounds (1)
 m - a wand of confusion (16)
Scrolls
 g - a scroll of remove curse
 u - a scroll of random uselessness {unknown}
Potions
 d - 2 potions of might
 j - 2 potions of agility
 k - 3 potions of curing
 n - a potion of cure mutation {unknown}
 p - a potion of resistance {unknown}
 q - 2 potions of haste
 t - 2 potions of ambrosia {unknown}
 z - 2 potions of degeneration {unknown}
Books
 h - a book of Hinderance

   Spells                             Type                      Level
   a - Confusing Touch                Hexes                        2
   b - Confuse                        Hexes                        3
   c - Gell's Gravitas                Hexes/Translocation          3
   d - Petrify                        Transmutation/Earth          4
   e - Metabolic Englaciation         Hexes/Ice                    5
Comestibles
 f - 3 bread rations
 s - 2 meat rations
 x - 3 fruits


   Skills:
 - Level 2.6 Fighting
 + Level 6.7 Maces & Flails
 - Level 3.2 Armour
 - Level 3.2 Shields


You had 5 spell levels left.
You didn't know any spells.

Dungeon Overview and Level Annotations

Branches:
Dungeon (4/15)
 Temple: D:4-7

Altars:
Cheibriados
Fedhas
Nemelex Xobeh
Okawaru
Qazlal
Zin


Innate Abilities, Weirdness & Mutations

You are resistant to damage.
You can recharge devices by infusing magical energy.
You passively map a small area around you.
You do not regenerate naturally.


Message History

Found two stone staircases leading up.
All of the chunks of flesh in your inventory have rotted away.
A wyvern comes into view.
The wyvern bites you.
You barely miss the wyvern. The wyvern bites you!
The wyvern bites you but does no damage.
You hit the wyvern but do no damage. The wyvern completely misses you.
You hit the wyvern.
The wyvern is lightly wounded.
You block the wyvern's attack. The wyvern barely misses you.
You sock the wyvern!
The wyvern is heavily wounded.
The wyvern barely misses you. The wyvern bites you!
* * * LOW HITPOINT WARNING * * *
You hit the wyvern but do no damage.
The wyvern is heavily wounded.
The wyvern bites you!
* * * LOW HITPOINT WARNING * * *
The wyvern bites you!
You die...

#.# #.....#.....#
##..# #.##### #.#
#.,...#.....###...##
#.# ..# #.
.#####...##.....###.#
#.# #., ,
,...............# ###
## *
###.........#####
#...##...## ♣♣
##...###..### .♣♣♣♣♣♣
#...........#
......♣♣♣
#..@.....##.#
♣♣♣♣♣...♣♣
##l#####.##.# ♣
♣♣._.♣ #. #.##.#
♣♣♣.♣ .. #.##.# ♣♣♣
###* #.##.# ###.##.#
### #...##.# #.#
#.####.# #.# #.##..)#


You could see a wyvern.

Vanquished Creatures
  A big kobold (D:3)
  A giant frog skeleton (D:4)
  A jelly (D:4)
  An orc wizard (D:3)
  A worker ant (D:4)
  7 adders
  An ooze (D:3)
  4 worms
  4 giant geckos
  3 orcs (D:3)
  10 bats
  7 hobgoblins
  12 jackals
  6 kobolds
  A ball python (D:1)
  3 giant cockroaches
  6 giant newts
  5 goblins
  A quokka (D:1)
  11 rats
86 creatures vanquished.

Notes
Turn   | Place    | Note
--------------------------------------------------------------
     0 | D:1      | HolyRage the Deep Dwarf Fighter began the quest for the Orb.
     0 | D:1      | Reached XP level 1. HP: 20/20 MP: 1/1
   377 | D:1      | Reached XP level 2. HP: 27/27 MP: 2/2
   966 | D:2      | Reached XP level 3. HP: 24/33 MP: 3/3
  1036 | D:2      | Found a stormy altar of Qazlal.
  1103 | D:2      | Reached skill level 4 in Maces & Flails
  1345 | D:2      | Found a snail-covered altar of Cheibriados.
  1345 | D:2      | Found a sparkling altar of Nemelex Xobeh.
  1412 | D:2      | Reached XP level 4. HP: 31/40 MP: 4/4
  1449 | D:2      | Found an iron altar of Okawaru.
  1811 | D:3      | Found a glowing silver altar of Zin.
  1948 | D:3      | Reached skill level 5 in Maces & Flails
  2091 | D:3      | Noticed a big kobold
  2111 | D:3      | Killed a big kobold
  2111 | D:3      | Reached XP level 5. HP: 12/46 MP: 5/5
  2220 | D:3      | Reached skill level 6 in Maces & Flails
  2431 | D:4      | Reached XP level 6. HP: 27/55 MP: 6/6
  2432 | D:4      | Found a blossoming altar of Fedhas.
  3028 | D:4      | Noticed a wyvern
  3033 | D:4      | HP: 1/55 [wyvern (14)]
  3033 | D:4      | Mangled by a wyvern

Action                   |  1- 3 |  4- 6 || total
-------------------------+-------+-------++-------
Melee: Flail             |   151 |   220 ||   371
Evoke: Wand              |     1 |     3 ||     4
  Use: Scroll            |       |    11 ||    11
  Eat: Chunk             |     2 |    20 ||    22
